 Dungeon Crawl Stone Soup version 0.28.0 (webtiles) character file.

Game seed: 5143456777806252280

140 Sanktem7 the Skirmisher (level 5, 0/48 HPs)
             Began as a Minotaur Fighter on Feb 11, 2022.
             Slain by a water moccasin (6 damage)
             ... on level 4 of the Dungeon.
             The game lasted 00:04:11 (2586 turns).

Sanktem7 the Skirmisher (Minotaur Fighter)          Turns: 2586, Time: 00:04:12

Health: 0/48       AC:  7    Str: 23    XL:     5   Next: 2%
Magic:  4/4        EV:  9    Int:  5    God:
Gold:   128        SH:  4    Dex:  9    Spells: 4/4 levels left

rFire   . . .      SeeInvis .   a - +0 long sword
rCold   . . .      Faith    .   c - +0 buckler
rNeg    . . .      Spirit   .   b - +0 scale mail
rPois   .          Reflect  .   (helmet restricted)
rElec   .          Harm     .   (no cloak)
rCorr   .          Rampage  .   (no gloves)
Will    .....                   (no boots)
Stlth   ..........              (no amulet)
HPRegen 0.16/turn               (no ring)
MPRegen 0.09/turn               (no ring)

@: lethally poisoned (0 -> -24)
A: horns 2, retaliatory headbutt
a: no special abilities


You were on level 4 of the Dungeon.
You visited 1 branch of the dungeon, and saw 4 of its levels.

You collected 128 gold pieces.

Inventory:

Hand Weapons
 a - a +0 long sword (weapon)
Missiles
 e - 6 boomerangs (quivered)
Armour
 b - a +0 scale mail (worn)
 c - a +0 buckler (worn)
Scrolls
 f - a scroll of vulnerability {unknown}
 i - 2 scrolls of identify {unknown}
 j - a scroll of magic mapping {unknown}
 k - a scroll of teleportation {unknown}
 l - a scroll of acquirement {unknown}
 m - a scroll of immolation {unknown}
Potions
 d - a potion of might
 g - 4 potions of curing {unknown}
 h - 2 potions of heal wounds {unknown}


   Skills:
 * Level 5.1 Fighting
 * Level 4.3 Long Blades
 + Level 4.4 Armour
 + Level 0.8 Dodging
 - Level 3.6 Shields


You had 4 spell levels left.
You didn't know any spells.
Your spell library was empty.

Dungeon Overview and Level Annotations

Branches:
Dungeon (4/15)
 Temple: D:4-7

Altars:
Sif Muna


Innate Abilities, Weirdness & Mutations

You have a pair of horns on your head.
You reflexively headbutt those who attack you in melee.


Message History

You hit the water moccasin.
The water moccasin is lightly wounded.
The water moccasin bites you!
You are poisoned.
The water moccasin poisons you! You block the kobold's attack.
The water moccasin closely misses you. You furiously retaliate!
You headbutt the water moccasin! You slash the water moccasin!
The water moccasin is severely wounded.
You feel very sick. The water moccasin closely misses you.
You furiously retaliate!
You headbutt the water moccasin, but do no damage.
You block the kobold's attack.
You miss the water moccasin.
Your headbutt misses the water moccasin.
The water moccasin is severely wounded.
You feel very sick. The water moccasin bites you.
The kobold hits you but does no damage. The water moccasin bites you.
You are lethally poisoned!
The water moccasin poisons you! The adder bites you.
You closely miss the water moccasin.
The water moccasin is severely wounded.
* * * LOW HITPOINT WARNING * * *
You feel very sick.
The water moccasin bites you but does no damage.
The adder closely misses you. The kobold closely misses you.
You furiously retaliate!
You headbutt the kobold.
You kill the kobold!
The water moccasin bites you but does no damage.
You hit the water moccasin.
The water moccasin is severely wounded.
* * * LOW HITPOINT WARNING * * *
You feel very sick. You block the adder's attack. The water moccasin bites you.
* * * LOW HITPOINT WARNING * * *
You are more poisoned.
The water moccasin poisons you! The adder bites you but does no damage.
The water moccasin bites you.
You die...

... # ......
....#. ....
#..####
#.....######
..##...<.......
.......S.......
.......@S......
......)........
......?........
.......[...)$..
...............
...............
...............
....)...$......


You could see a water moccasin and an adder.

Vanquished Creatures
  A centaur skeleton (D:3)
  6 adders
  A worm (D:2)
  An orc (D:3)
  2 endoplasms
  2 giant cockroaches
  8 goblins
  5 hobgoblins
  4 jackals (D:1)
  5 kobolds
  5 ball pythons
  5 bats
  3 frilled lizards
  5 rats
53 creatures vanquished.

Notes
Turn   | Place    | Note
-------+----------+-------------------------------------------
     0 | D:1      | Sanktem7 the Minotaur Fighter began the quest for the Orb.
     0 | D:1      | Reached XP level 1. HP: 19/19 MP: 0/0
   113 | D:1      | Reached skill level 4 in Fighting
   244 | D:1      | Reached XP level 2. HP: 27/27 MP: 1/1
   606 | D:1      | Found a faded altar of an unknown god.
  1052 | D:2      | Reached XP level 3. HP: 22/34 MP: 2/2
  1505 | D:2      | Found a shimmering blue altar of Sif Muna.
  1906 | D:3      | Reached XP level 4. HP: 41/41 MP: 3/3
  2112 | D:3      | Reached skill level 5 in Fighting
  2577 | D:4      | Noticed a water moccasin
  2582 | D:4      | Reached XP level 5. HP: 43/48 MP: 4/4
  2586 | D:4      | Slain by a water moccasin

Illustrated notes

Levels and vault maps discovered:
D:1:      scummos_arrival_simple_fountains, layout_loops_cross,
          shapermc_ecumenical_altar_starsandcircs, grunt_decor_cap
D:2:      layout_basic, basic_altar
D:3:      layout_loops_ring, minmay_misc_feat_nine_boxes
D:4:      layout_rooms

Skill      XL: |  1  2  3  4 |
---------------+-------------+-----
Fighting       | 4 5 |  5.1
Armour         | 4 |  4.4
Long Blades    | 3 4 |  4.3
Dodging        | |  0.8
Shields        | |  3.6

Action                   |  1- 3 |  4- 6 || total
-------------------------+-------+-------++-------
Melee: Long sword        |    89 |    42 ||   131
       Headbutt          |    13 |     4 ||    17
Armor: Scale mail        |    52 |    26 ||    78
Dodge: Dodged            |    52 |    31 ||    83
Block: Buckler           |    23 |    16 ||    39
